Match 43771148
Unlisted

Match 43771148
End
Panzergrenadier Squad
Selects Panzerjäger Kommand Battlegroup
Panzergrenadier Squad
250 Light Carrier
Panzergrenadier Squad
Construct Light Support Kompanie
Selects GrB 39 Grenade Launcher Requisition
Fire Support Elements
le.IG 18 Mechanized Group
Selects Mine Fields
Selects Crew Shock Tactics
Veteran Squad Leaders
MG34 Team
Construct Panzerarmee Kommand
Pak 38 Mechanized Group
Armored Reserves
Selects Anti-tank Overwatch
Anti-tank Overwatch
LLDK80
Boatshoe
anioki
Birksoe
Otto
Sniper
capy
sixx2
0
0

Comments sign in to comment!

No comments posted yet!